Match 46254723
Unlisted

Match 46254723
End
Pioneer Squad
Construct Infanterie Kompanie
Sniper
MG 42 Machine Gun Team
Medical Station
Grenadier Squad
Construct Panzergrenadier Kompanie
Pak 40 Anti-tank Gun Team
251 Medium Carrier
Support Elements
Selects Breakthrough Battlegroup
Selects Rapid Production
Selects Assault Grenadiers
StuG III G Assault Gun
Nebelwerfer 42 Rocket Launcher Team
Selects Blitzkrieg
StuG III G Assault Gun
Panzergrenadier Squad
Jokerface
SeowMan
Esxile
Yeknod
0
0

Comments sign in to comment!

No comments posted yet!